 Dungeon Crawl Stone Soup version 0.28.0-43-g3370ac3207 (webtiles) character file.

Game seed: 6611276006752779970

1150 Ablot the Grasshopper (level 8, -8/64 HPs)
             Began as a Gnoll Warper on Mar 22, 2022.
             Was a Believer of Okawaru.
             Killed by divine providence
             ... invoked by an orc priest
              (10 damage)
             ... on level 6 of the Dungeon.
             The game lasted 00:10:45 (6651 turns).

Ablot the Grasshopper (Gnoll Warper)                Turns: 6651, Time: 00:10:45

Health: -8/64      AC:  6    Str: 13    XL:     8   Next: 38%
Magic:  8/8        EV: 13    Int: 19    God:    Okawaru [**....]
Gold:   327        SH:  0    Dex: 11    Spells: 17/19 levels left

rFire   . . .      SeeInvis .   a - +4 trident (venom)
rCold   . . .      Faith    +   (no shield)
rNeg    . . .      Spirit   .   x - +1 leather armour of Discretion {+Blink rElec rPois MP-9 Int+6}
rPois   +          Reflect  .   g - +0 helmet
rElec   +          Harm     .   (no cloak)
rCorr   +          Rampage  .   t - +0 pair of gloves
Will    .....                   (no boots)
Stlth   ++........              n - amulet of faith
HPRegen 0.20/turn               u - ring of resist corrosion
MPRegen 0.11/turn               (no ring)

@: no status effects
A: fangs 1, strong nose, distributed training
a: Renounce Religion, Evoke Blink, Heroism


You were on level 6 of the Dungeon.
You worshipped Okawaru.
Okawaru was pleased with you.
You visited 2 branches of the dungeon, and saw 7 of its levels.

You collected 327 gold pieces.

Inventory:

Hand Weapons
 a - a +4 trident of venom (weapon)
 s - the +6 hunting sling of Ablot's Destruction {freeze, Dex+7}
   (You found it on level 3 of the Dungeon)

   Any ammunition fired from it freezes those it strikes, dealing additional
   cold damage.
   It can also slow down cold-blooded creatures.
   Dex:       It affects your dexterity (+7).
Missiles
 d - 5 boomerangs of dispersal
 e - 190 stones
 i - 45 arrows
 k - 6 poisoned darts (quivered)
 l - 15 sling bullets
Armour
 b - a +0 leather armour of fire resistance
 g - a +0 helmet (worn)
 m - a +2 buckler
 t - a +0 pair of gloves (worn)
 x - the +1 leather armour of Discretion (worn) {+Blink rElec rPois MP-9 Int+6}
   (You found it on level 5 of the Dungeon)

   Int:       It affects your intelligence (+6).
   rElec:     It insulates you from electricity.
   rPois:     It protects you from poison.
   MP:        It affects your magic capacity (-9).
   +Blink:    It lets you blink.
Jewellery
 n - an amulet of faith (around neck)
 u - a ring of resist corrosion (left hand)
Wands
 r - a wand of flame (5)
Scrolls
 c - a scroll of blinking
 h - a scroll of identify
 j - 3 scrolls of vulnerability
 o - 2 scrolls of teleportation
 w - a scroll of torment
 y - a scroll of enchant armour
Potions
 f - a potion of might
 p - a potion of flight
 q - 2 potions of magic
 v - 2 potions of curing


   Skills:
 + Level 5.6 Fighting
 + Level 3.2 Short Blades
 + Level 3.2 Long Blades
 + Level 3.2 Axes
 + Level 3.2 Maces & Flails
 + Level 5.6 Polearms
 + Level 3.2 Staves
 + Level 3.2 Slings
 + Level 3.2 Bows
 + Level 3.2 Crossbows
 + Level 4.2 Throwing
 + Level 4.2 Armour
 + Level 5.6 Dodging
 + Level 3.2 Stealth
 + Level 3.2 Shields
 + Level 3.2 Unarmed Combat
 + Level 6.0 Spellcasting
 + Level 2.6 Conjurations
 + Level 2.6 Hexes
 + Level 2.6 Summonings
 + Level 2.6 Necromancy
 + Level 6.1 Translocations
 + Level 2.6 Transmutations
 + Level 2.6 Fire Magic
 + Level 2.6 Ice Magic
 + Level 2.6 Air Magic
 + Level 2.6 Earth Magic
 + Level 2.6 Poison Magic
 + Level 3.5 Invocations
 + Level 3.2 Evocations


You had 17 spell levels left.
You knew the following spells:

 Your Spells              Type           Power      Damage    Failure   Level
a - Blink                 Tloc           58%        N/A       1%          2

Your spell library contained the following spells:

 Spells                   Type           Power      Damage    Failure   Level
 Gell's Gravitas          Tloc           29%        N/A       3%          3
 Lesser Beckoning         Tloc           29%        N/A       3%          3
 Teleport Other           Tloc           29%        N/A       3%          3
 Manifold Assault         Tloc           29%        N/A       30%         5


Dungeon Overview and Level Annotations

Branches:
Dungeon (6/15)             Temple (1/1) D:4

Altars:
Ashenzari
Cheibriados
Elyvilon
Fedhas
Gozag
Hepliaklqana
Kikubaaqudgha
Makhleb
Nemelex Xobeh
Okawaru
Qazlal
Ru
Sif Muna
Trog
Uskayaw
Vehumet
Wu Jian
Xom
Yredelemnul
Zin
The Shining One

Shops:
D:5 *


Innate Abilities, Weirdness & Mutations

You have very sharp teeth.
Your uncanny sense of smell can sniff out nearby items.
Your experience applies equally to all skills.


Message History

Things that are here:
a +0 whip; a gnoll corpse
Things that are here:
a +0 halberd; a +0 halberd; a gnoll corpse A scorpion, an orc warrior and an orc priest come into view.
The orc priest is wielding a +1 short sword of flaming.
Found a runed short sword.
The orc priest shouts!
You hear a shout! x2 2 orcs come into view.
An orc is wielding a +2 vampiric whip.
The orc shouts!
There is an open door here.
You puncture the orc warrior!
The orc warrior is poisoned.
The orc warrior is heavily wounded.
You barely miss the orc warrior.
The orc warrior is heavily wounded.
The orc warrior hits you with a +0 battleaxe!!
You barely miss the orc warrior.
The orc warrior is heavily wounded.
The orc warrior hits you with a +0 battleaxe.
You completely miss the orc warrior.
You punch the orc warrior, but do no damage.
The orc warrior is heavily wounded.
The orc warrior hits you with a +0 battleaxe!
The orc warrior hits you with a +0 battleaxe.
You barely miss the orc warrior. Your bite misses the orc warrior.
The orc warrior is heavily wounded.
The orc warrior hits you with a +0 battleaxe!
You closely miss the orc warrior.
The orc warrior is heavily wounded.
The orc warrior hits you but does no damage.
You hit the orc warrior.
The orc warrior looks as sick as possible!
The orc warrior is almost dead.
The orc warrior hits you with a +0 battleaxe!!
* * * LOW HITPOINT WARNING * * *
You kill the orc warrior!
Okawaru accepts your kill.
The orc priest calls down the wrath of Beogh upon you.
Beogh smites you!
You die...

#........#
........#
#.......#
#.......#
#.......#
..##...)...#
......o....#
#o#############
#oo.s.@.......#
#############.#
#.# #.# #.# #.#
#.# ∆ #)# #)#


You could see a scorpion, an orc priest and 2 orcs.

Vanquished Creatures
  The ghost of dangdung the Changer, an amateur OpTm (D:3)
  An orc warrior (D:6)
  An ice beast (D:6)
  An ogre (D:3)
  The ghost of Ablot the Grasshopper, an amateur GnWr (D:4)
  A bullfrog (D:3)
  A gnoll sergeant (D:5)
  A water moccasin skeleton (D:4)
  A howler monkey (D:5)
  A bullfrog zombie (D:4)
  3 hounds
  2 orc priests
  A bullfrog skeleton (D:4)
  Natasha (thrice) (D:3)
  An orc wizard (D:4)
  A scorpion zombie (D:5)
  A howler monkey zombie (D:5)
  8 gnolls
  5 adders
  A white imp (D:5)
  4 worms
  3 dart slugs
  9 orcs
  5 endoplasms
  2 giant cockroaches
  A goblin (D:1)
  6 hobgoblins
  5 quokkas
  7 ball pythons
  3 bats (D:2)
  2 frilled lizards (D:1)
  4 kobolds
  4 rats
91 creatures vanquished.

Notes
Turn   | Place    | Note
-------+----------+-------------------------------------------
     0 | D:1      | Ablot the Gnoll Warper began the quest for the Orb.
     0 | D:1      | Reached XP level 1. HP: 20/20 MP: 6/6
   310 | D:1      | Reached XP level 2. HP: 22/26 MP: 7/7
   313 | D:1      | Learned a level 2 spell: Blink
   486 | D:1      | Found a faded altar of an unknown god.
   636 | D:1      | Reached XP level 3. HP: 31/31 MP: 9/9
  1112 | D:2      | Reached skill level 5 in Spellcasting
  1511 | D:2      | Reached skill level 1 in Invocations
  2270 | D:3      | Reached skill level 1 in Short Blades
  2270 | D:3      | Reached skill level 1 in Long Blades
  2270 | D:3      | Reached skill level 1 in Axes
  2270 | D:3      | Reached skill level 1 in Maces & Flails
  2270 | D:3      | Reached skill level 1 in Staves
  2270 | D:3      | Reached skill level 1 in Slings
  2270 | D:3      | Reached skill level 1 in Bows
  2270 | D:3      | Reached skill level 1 in Crossbows
  2270 | D:3      | Reached skill level 1 in Stealth
  2270 | D:3      | Reached skill level 1 in Shields
  2270 | D:3      | Reached skill level 1 in Unarmed Combat
  2270 | D:3      | Reached skill level 1 in Evocations
  2396 | D:3      | Reached XP level 4. HP: 37/38 MP: 11/11
  2560 | D:3      | Found a runed translucent door.
  2561 | D:3      | Noticed a bullfrog
  2575 | D:3      | Noticed dangdung's ghost (amateur OpTm)
  2673 | D:3      | Noticed Natasha
  2679 | D:3      | Killed Natasha
  2680 | D:3      | Reached skill level 1 in Conjurations
  2680 | D:3      | Reached skill level 1 in Hexes
  2680 | D:3      | Reached skill level 1 in Summonings
  2680 | D:3      | Reached skill level 1 in Necromancy
  2680 | D:3      | Reached skill level 1 in Transmutations
  2680 | D:3      | Reached skill level 1 in Fire Magic
  2680 | D:3      | Reached skill level 1 in Ice Magic
  2680 | D:3      | Reached skill level 1 in Air Magic
  2680 | D:3      | Reached skill level 1 in Earth Magic
  2680 | D:3      | Reached skill level 1 in Poison Magic
  2728 | D:3      | Identified the +6 hunting sling of Ablot's Destruction
                  | {freeze, Dex+7}
  2785 | D:3      | Noticed Natasha
  2793 | D:3      | Killed Natasha
  2794 | D:3      | Reached XP level 5. HP: 42/43 MP: 12/12
  2855 | D:3      | Noticed Natasha
  2858 | D:3      | Killed Natasha
  3023 | D:4      | Noticed Ablot's ghost (amateur GnWr)
  3023 | D:4      | Noticed an ogre
  3023 | D:4      | Found a runed translucent gate.
  3023 | D:4      | Found a runed translucent gate.
  3023 | D:4      | Found a runed translucent gate.
  3159 | D:3      | Killed an ogre
  3160 | D:3      | Reached XP level 6. HP: 31/50 MP: 7/13
  3818 | D:4      | Reached skill level 5 in Fighting
  3818 | D:4      | Reached skill level 5 in Polearms
  3818 | D:4      | Reached skill level 5 in Dodging
  3843 | D:4      | Found a staircase to the Ecumenical Temple.
  3853 | Temple   | Entered the Ecumenical Temple
  4113 | Temple   | Became a worshipper of Warmaster Okawaru
  4506 | D:5      | Entered Level 5 of the Dungeon
  4506 | D:5      | Found Mulo's Gadget Gallery.
  4559 | D:5      | Identified the +1 leather armour of Discretion {+Blink
                  | rElec rPois MP-9 Int+6}
  5075 | D:5      | Reached XP level 7. HP: 52/56 MP: 6/15
  5377 | D:3      | Killed dangdung's ghost
  5377 | D:3      | Reached * piety under Okawaru
  5517 | D:4      | Killed Ablot's ghost
  5727 | D:5      | Reached XP level 8. HP: 63/63 MP: 7/16
  6094 | D:5      | Reached ** piety under Okawaru
  6649 | D:6      | HP: 2/64 [orc warrior/+0 battleaxe (19)]
  6651 | D:6      | Killed from afar by an orc priest

Illustrated notes

Levels and vault maps discovered:
D:1:      onia_arrival_mini_maze_b, layout_basic,
          hellmonk_ecumenical_altar_heavens_door
D:2:      layout_loops_corners
D:3:      layout_basic, ebering_ghost_sewer_d, uniq_natasha
D:4:      layout_basic, minmay_temple_entry_large_hall,
          gammafunk_ghost_necromancy
D:5:      layout_rooms, nicolae_shop_gadgets
D:6:      layout_basic, nicolae_overflow_hidden_temple
Temple:   mainiacjoe_temple_hex_bubbles

Skill      XL: |  1  2  3  4  5  6  7  8 |
---------------+-------------------------+-----
Spellcasting   | 5 6 |  6.0
Invocations    | 1 2 3 |  3.5
Short Blades   | 1 2 3 |  3.2
Long Blades    | 1 2 3 |  3.2
Axes           | 1 2 3 |  3.2
Maces & Flails | 1 2 3 |  3.2
Staves         | 1 2 3 |  3.2
Slings         | 1 2 3 |  3.2
Bows           | 1 2 3 |  3.2
Crossbows      | 1 2 3 |  3.2
Stealth        | 1 2 3 |  3.2
Shields        | 1 2 3 |  3.2
Unarmed Combat | 1 2 3 |  3.2
Evocations     | 1 2 3 |  3.2
Conjurations   | 1 2 |  2.6
Hexes          | 1 2 |  2.6
Summonings     | 1 2 |  2.6
Necromancy     | 1 2 |  2.6
Transmutations | 1 2 |  2.6
Fire Magic     | 1 2 |  2.6
Ice Magic      | 1 2 |  2.6
Air Magic      | 1 2 |  2.6
Earth Magic    | 1 2 |  2.6
Poison Magic   | 1 2 |  2.6
Throwing       | 3 4 |  4.2
Armour         | 3 4 |  4.2
Fighting       | 5 |  5.6
Polearms       | 5 |  5.6
Dodging        | 5 |  5.6
Translocations | 6 |  6.1

Action                   |  1- 3 |  4- 6 |  7- 9 || total
-------------------------+-------+-------+-------++-------
Melee: Spear             |   161 |    22 |       ||   183
       Bite              |     6 |    12 |     6 ||    24
       Punch             |     2 |     4 |     1 ||     7
       Trident           |       |   104 |    45 ||   149
 Fire: Hunting sling     |       |    27 |    61 ||    88
 Cast: Blink             |       |     4 |       ||     4
  Use: Scroll            |       |       |    10 ||    10
       Potion            |       |       |     1 ||     1
 Stab: Sleeping          |     4 |     1 |       ||     5
Armor: Leather armour    |    31 |    26 |    19 ||    76
Dodge: Dodged            |    61 |    77 |    41 ||   179
